 Seeded DCSS version 0.28.0 (webtiles) character file.

Game seed: 12455045527757981411 (custom seed)

245 Illumine the Chucker (level 6, -12/62 HPs)
             Began as an Ogre Hunter on Apr 9, 2022.
             Was an Initiate of Gozag.
             Mangled by an ice beast (13 damage)
             ... on level 3 of the Dungeon.
             The game lasted 00:06:55 (4244 turns).

Illumine the Chucker (Ogre Hunter)                  Turns: 4244, Time: 00:06:55

Health: -12/62     AC:  4    Str: 19    XL:     6   Next: 10%
Magic:  6/6        EV: 10    Int: 12    God:    Gozag
Gold:   125        SH:  0    Dex:  9    Spells: 5/5 levels left

rFire   . . .      SeeInvis .   y - +1 war axe (flame)
rCold   . . .      Faith    .   (no shield)
rNeg    . . .      Spirit   .   b - +0 robe
rPois   .          Reflect  .   i - +0 hat
rElec   .          Harm     .   r - +0 cloak
rCorr   .          Rampage  .   (gloves unavailable)
Will    .....                   (boots unavailable)
Stlth   +.........              (no amulet)
HPRegen 0.20/turn               (no ring)
MPRegen 0.10/turn               (no ring)

@: no status effects
A: large, unfitting armour, tough skin 1
a: Renounce Religion, Potion Petition, Call Merchant, Bribe Branch


You were on level 3 of the Dungeon.
You worshipped Gozag.
Gozag was aware of your devotion.
You visited 2 branches of the dungeon, and saw 5 of its levels.

You collected 205 gold pieces.
You paid 80 gold pieces to Gozag.

Inventory:

Hand Weapons
 t - a +3 flail
 y - a +1 war axe of flaming (weapon)
Missiles
 a - 100 stones (quivered)
 d - 2 throwing nets
 w - 5 poisoned darts
Armour
 b - a +0 robe (worn)
 i - a +0 hat (worn)
 r - a +0 cloak (worn)
Wands
 u - a wand of paralysis (15)
Scrolls
 h - a scroll of enchant weapon {unknown}
 j - a scroll of teleportation {unknown}
 m - a scroll of noise {unknown}
 q - a scroll of fear {unknown}
 s - a scroll of summoning {unknown}
 v - 2 scrolls of identify {unknown}
 x - a scroll of fog {unknown}
Potions
 e - 2 potions of haste
 f - a potion of invisibility {unknown}
 g - a potion of resistance {unknown}
 k - a potion of flight {unknown}
 l - 2 potions of lignification {unknown}
 n - a potion of heal wounds {unknown}
 o - a potion of degeneration {unknown}
 p - a potion of mutation {unknown}
 z - a potion of magic {unknown}


   Skills:
 - Level 4.1 Fighting
 * Level 2.7 Maces & Flails
 - Level 5.2 Throwing
 - Level 3.0 Dodging
 - Level 0.6 Stealth


You had 5 spell levels left.
You didn't know any spells.
Your spell library contained the following spells:

 Spells                   Type           Power      Damage    Failure   Level
 Ensorcelled Hibernation  Hex/Ice        0%         N/A       45%         2
 Spider Form              Tmut/Pois      0%         N/A       69%         3
 Anguish                  Hex/Necr       0%         N/A       97%         4


Dungeon Overview and Level Annotations

Branches:
Dungeon (4/15)             Temple (1/1) D:4

Altars:
Ashenzari
Cheibriados
Elyvilon
Gozag
Kikubaaqudgha
Makhleb
Nemelex Xobeh
Okawaru
Qazlal
Ru
Sif Muna
Trog
Xom
Zin
The Shining One

Shops:
D:2 *

Annotations:
D:2 Sigmund


Innate Abilities, Weirdness & Mutations

You are too large for most types of armour.
You have tough skin. (AC +1)


Message History

The ice beast is moderately wounded.
The ice beast barely misses you. The ice beast closely misses you.
Throw: 3 large rocks
Press: ? - help, Q - select action, (/) - cycle Shift-Dir - straight line, f/p - ice beast
Aim: an ice beast (moderately wounded, 59% to hit)
You throw a large rock. The large rock hits the ice beast!
The ice beast is heavily wounded.
The ice beast hits you. The ice beast freezes you. The ice beast hits you.
The ice beast freezes you!
* * * LOW HITPOINT WARNING * * *
Throw: 2 large rocks
Press: ? - help, Q - select action, (/) - cycle Shift-Dir - straight line, f/p - ice beast
Aim: an ice beast (heavily wounded, 59% to hit)
You throw a large rock.
The large rock closely misses the ice beast.
The large rock barely misses the phantom.
The ice beast completely misses you.
You closely miss the ice beast.
The ice beast is heavily wounded.
The ice beast hits you.
* * * LOW HITPOINT WARNING * * *
The ice beast freezes you!
* * * LOW HITPOINT WARNING * * *
The ice beast misses you.
Okay, then.
Unknown command.
There is a stone staircase leading up here.
The ice beast hits you but does no damage.
You climb upwards.
There is a stone staircase leading down here.
Throw: large rock
Press: ? - help, Q - select action, (/) - cycle Shift-Dir - straight line, f - ice beast
Aim: an ice beast (heavily wounded, 59% to hit)
You throw a large rock.
The large rock barely misses the ice beast.
The ice beast barely misses you. The ice beast hits you.
* * * LOW HITPOINT WARNING * * *
The ice beast freezes you!
You die...
Your body crumbles into a pile of gold.

##..####..# ###..## ##.# ##...##
#.### ##..### #.... #..##
#####... #.## ##.....#. #####
#.#######..#####. ....#
###.........####...
....###########Y@...#########..##
.#..............###.## #..##.
#..####.######### #..## ###.###.
#.## #..# ##..# #...# #.
#..#####.# ##.## #.#####. .#...#
#.### #..# #.##.... .....###...##
####.###....###
............#######........#### #
.....####........##........# ##


You could see an ice beast.

Vanquished Creatures
  Crazy Yiuf (D:3)
  An iguana (D:4)
  Ijyb (D:3)
  4 gnolls
  6 adders
  A dart slug (D:1)
  2 orcs (D:3)
  7 ball pythons
  5 endoplasms
  3 giant cockroaches
  5 goblins
  11 hobgoblins
  A jackal (D:3)
  5 kobolds
  3 quokkas
  5 bats
  6 frilled lizards
  4 rats
71 creatures vanquished.

Notes
Turn   | Place    | Note
-------+----------+-------------------------------------------
     0 | D:1      | Illumine the Ogre Hunter began the quest for the Orb.
     0 | D:1      | Reached XP level 1. HP: 22/22 MP: 1/1
   139 | D:1      | Reached XP level 2. HP: 29/31 MP: 2/2
   694 | D:1      | Found a faded altar of an unknown god.
  1144 | D:2      | Reached XP level 3. HP: 35/37 MP: 3/3
  1439 | D:2      | Noticed Sigmund
  1533 | D:2      | Found Nuelawn's Assorted Antiques.
  1782 | D:2      | Reached XP level 4. HP: 20/48 MP: 4/4
  2089 | D:3      | Found a runed translucent door.
  2090 | D:3      | Noticed Crazy Yiuf
  2101 | D:3      | Killed Crazy Yiuf
  2475 | D:3      | Reached skill level 1 in Maces & Flails
  2475 | D:3      | Reached XP level 5. HP: 40/54 MP: 5/5
  3464 | D:4      | Noticed Ijyb
  3473 | D:3      | Killed Ijyb
  3474 | D:3      | Reached skill level 5 in Throwing
  3624 | D:4      | Reached XP level 6. HP: 62/62 MP: 6/6
  3681 | D:4      | Found a staircase to the Ecumenical Temple.
  3690 | Temple   | Entered the Ecumenical Temple
  3767 | Temple   | Became a worshipper of Gozag Ym Sagoz the Greedy
  3956 | D:4      | Noticed an ice beast
  4231 | D:4      | HP: 2/62 [ice beast (7)]
  4244 | D:3      | HP: 1/62 [ice beast (4)]
  4244 | D:3      | Mangled by an ice beast

Illustrated notes

Levels and vault maps discovered:
D:1:      heliophobic_arrival_enchanted_forest, layout_loops_corners,
          nicolae_ecumenical_lake_church, minmay_misc_feat_room
D:2:      layout_loops_ring, serial_shops, nicolae_shop_advertising_works
          [nicolae_subvault_shop_adworks], uniq_natasha, uniq_sigmund
D:3:      layout_rooms, hangedman_abyss_or_decor_stabs, chequers_arboretum,
          minmay_fractal_squares_diagonal_5, uniq_crazy_yiuf_cottage
D:4:      layout_cave_pods, lemuel_temple_firewalk_b, serial_column_ruins,
          column_ruins_square_large, column_ruins_hut_pillars,
          column_ruins_grid_1, column_ruins_open_small, column_ruins_grid_1,
          minmay_fire_ice_demons, uniq_ijyb
Temple:   regret_index_temple_waves

Skill      XL: |  1  2  3  4  5 |
---------------+----------------+-----
Fighting       | 3 4 |  4.1
Dodging        | 2 3 |  3.0
Maces & Flails | 1 2 |  2.7
Throwing       | 5 |  5.2
Stealth        | |  0.6

Action                   |  1- 3 |  4- 6 || total
-------------------------+-------+-------++-------
Melee: Short sword       |     8 |       ||     8
       Dagger            |    66 |    40 ||   106
       Punch             |     1 |     1 ||     2
       Flail             |       |    81 ||    81
       War axe           |       |     6 ||     6
Throw: Stone             |     1 |       ||     1
       Large rock        |     7 |    12 ||    19
 Stab: Sleeping          |     2 |       ||     2
Armor: Robe              |    30 |    53 ||    83
Dodge: Dodged            |    43 |    85 ||   128
